 Dungeon Crawl Stone Soup version 0.30.1-11-g7821555f0a (webtiles) character file.

Game seed: 16384931303995233040

118 RaderH2O the Firebug (level 4, -6/33 HPs)
             Began as a Draconian Fire Elementalist on Dec 28, 2023.
             Killed by divine providence
             ... invoked by an orc priest
              (14 damage)
             ... on level 3 of the Dungeon.
             The game lasted 00:05:42 (2578 turns).

RaderH2O the Firebug (Draconian Fire Elementalist)  Turns: 2578, Time: 00:05:42

Health: -6/33      AC: 13    Str: 10    XL:     4   Next: 72%
Magic:  1/8        EV: 12    Int: 16    God:
Gold:   71         SH:  0    Dex: 13    Spells: 5/8 levels left

rFire   . . .        g - +1 long sword (protect)
rCold   . . .        (no shield)
rNeg    . . .        (body armour unavailable)
rPois   .            (helmet restricted)
rElec   .            (no cloak)
rCorr   +            j - +0 pair of gloves
SInv    .            (no boots)
Will    +....        (no amulet)
Stlth   ++           e - ring of resist corrosion
HPRegen 0.25/turn    f - ring of willpower
MPRegen 0.11/turn

%: no passive effects
@: under a protective aura
A: AC +5, unfitting armour, cold-blooded
a: no special abilities


You were on level 3 of the Dungeon.
You visited 1 branch of the dungeon, and saw 3 of its levels.

You collected 71 gold pieces.

Inventory:

Hand Weapons
 b - a +0 short sword
 g - a +1 long sword of protection (weapon)
 l - a +0 morningstar
Armour
 j - a +0 pair of gloves (worn)
Jewellery
 e - a ring of resist corrosion (left hand)
 f - a ring of willpower (right hand)
Scrolls
 i - a scroll of identify {unknown}
Potions
 a - a potion of magic
 c - a potion of berserk rage {unknown}
 d - a potion of resistance {unknown}
 h - a potion of degeneration {unknown}
 k - a potion of flight {unknown}


   Skills:
 + Level 0.1 Fighting
 + Level 0.1(0.5) Short Blades
 + Level 0.9(1.0) Long Blades
 + Level 2.2 Dodging
 + Level 2.0 Stealth
 + Level 2.8 Spellcasting
 + Level 1.9 Conjurations
 + Level 4.0 Fire Magic


You had 5 spell levels left.
You knew the following spells:

 Your Spells              Type           Power      Damage    Failure   Level
a - Foxfire               Conj/Fire      44%        2x1d6     5%          1
b - Scorch                Fire           30%        2d6       5%          2

Your spell library contained the following spells:

 Spells                   Type           Power      Damage    Failure   Level
 Summon Small Mammal      Summ           8%         N/A       19%         1
 Inner Flame              Hex/Fire       8%         N/A       26%         3
 Volatile Blastmotes      Fire/Tloc      16%        2d11      26%         3
 Stone Arrow              Conj/Erth      10%        3d7       36%         3
 Call Canine Familiar     Summ           2%         N/A       50%         3
 Ozocubu's Armour         Ice            2%         N/A       50%         3
 Teleport Other           Tloc           2%         N/A       50%         3
 Flame Wave               Conj/Fire      11%        2d6       50%         4
 Airstrike                Air            1%         2d(1-17)  88%         4
 Arcjolt                  Conj/Air       2%         1d12      98%         5
 Conjure Ball Lightning   Conj/Air       2%         3x3d6     100%        6
 Ozocubu's Refrigeration  Ice            1%         4d7       100%        7
 Summon Hydra             Summ           1%         N/A       100%        7
 Lehudib's Crystal Spear  Conj/Erth      2%         10d2      100%        8
 Animate Armour           Summ/Erth      Unusable   N/A       N/A         4

Dungeon Overview and Level Annotations

Branches:
Dungeon (3/15)

Altars:


Innate Abilities, Weirdness & Mutations

Your plain brown scales are hard. (AC +5)
You cannot fit into any form of body armour.
You are cold-blooded and may be slowed by cold attacks.


Message History

You conjure some foxfire!
The foxfire hits the orc.
The orc is almost dead.
You conjure some foxfire!
The foxfire hits the orc.
You kill the orc!
The foxfire hits the orc priest but does no damage. x2
You miscast Foxfire.
You are very lightly contaminated with residual magic.
Nothing appears to happen.
The foxfire hits the orc priest.
The orc priest is moderately wounded.
The foxfire hits the orc priest but does no damage.
The orc priest is moderately wounded.
The orc priest invokes the aid of Beogh against you.
Pain shoots through your body! The orc priest barely misses you.
Your magical contamination has completely faded away.
The orc priest barely misses you.
You hit the orc priest but do no damage.
Your weapon exudes an aura of protection.
The orc priest is moderately wounded.
The orc priest hits you with a +0 trident.
You closely miss the orc priest. You tail-slap the orc priest.
The orc priest is heavily wounded.
The orc priest mumbles some strange prayers to Beogh against you.
Beogh smites you!
* * * LOW HITPOINT WARNING * * *
The orc priest looks satisfied for a moment.
You barely miss the orc priest.
The orc priest is heavily wounded.
The orc priest hits you but does no damage.
You hit the orc priest but do no damage.
Your weapon exudes an aura of protection.
The orc priest is heavily wounded.
The orc priest hits you with a +0 trident.
* * * LOW HITPOINT WARNING * * *
You hit the orc priest.
The orc priest is heavily wounded.
The orc priest hits you but does no damage.
The orc priest invokes the aid of Beogh against you.
Beogh smites you!
You die...

#........#####
#....)...'...#
#........###.#
#........# #.#
#+######.# #.#
#.###.# #.#...# .
###.#.###.# ...
#o@.[.....#
.....###.#.#.#####
.!.....>.#.#...
#.#......#.#####
#......#..
#$.....###
......).#
....#..†)#
#...#.....


You could see an orc priest.

Vanquished Creatures
  A gnoll (D:1)
  4 adders
  3 orcs (D:3)
  3 bats
  5 endoplasms
  A giant cockroach (D:1)
  4 goblins (D:2)
  4 hobgoblins
  8 jackals (D:2)
  7 kobolds
  3 quokkas
  6 ball pythons
  9 frilled lizards
  8 rats
66 creatures vanquished.

Vanquished Creatures (others)
  155 foxfires
155 creatures vanquished.

Grand Total: 221 creatures vanquished

Notes
Turn   | Place    | Note
-------+----------+-------------------------------------------
     0 | D:1      | RaderH2O the Draconian Fire Elementalist began the quest
                  | for the Orb.
     0 | D:1      | Reached XP level 1. HP: 14/14 MP: 3/3
   223 | D:1      | Reached XP level 2. HP: 20/20 MP: 0/5
   377 | D:1      | Got Sif Muna's Enchiridion on the Non-Euclidean Escort
   382 | D:1      | Learned a level 2 spell: Scorch
   914 | D:1      | Got the Compilation of Cloudy Assembling
   968 | D:1      | Reached XP level 3. HP: 26/26 MP: 3/6
  1597 | D:2      | Reached XP level 4. HP: 33/33 MP: 1/8
  1968 | D:2      | Reached skill level 4 in Fire Magic
  2578 | D:3      | Killed from afar by an orc priest

Illustrated notes

Levels and vault maps discovered:
D:1:      spicycebolla_arrival_transporter_tutorial, layout_basic
D:2:      layout_loops_ring, minmay_lizard_pond
D:3:      layout_basic, dreamdust_ecumenical_altar_hidden_monk_grotto,
          minmay_pentangle, uniq_crazy_yiuf_cottage

Skill      XL: |  1  2  3  4 |
---------------+-------------+-----
Dodging        | 2 |  2.2
Fire Magic     | 4 |  4.0
Stealth        | 2 |  2.0
Fighting       | |  0.1
Short Blades   | |  0.1
Long Blades    | |  0.9
Spellcasting   | |  2.8
Conjurations   | |  1.9

Action                     |  1- 3 |  4- 6 || total
---------------------------+-------+-------++-------
  Melee: Short sword       |     3 |       ||     3
         Long sword        |    41 |    17 ||    58
         Tailslap          |     4 |     2 ||     6
   Cast: Foxfire           |    63 |    39 ||   102
 Armour: Skin              |    52 |     9 ||    61
  Dodge: Dodged            |    95 |    17 ||   112
